 Dungeon Crawl Stone Soup version 0.30.1 (webtiles) character file.

Game seed: 1734428088300724229

58 Graphine the Trooper (level 4, 0/41 HPs)
             Began as a Hill Orc Fighter on July 3, 2023.
             Slain by Sigmund
             ... wielding a +0 scythe
              (9 damage)
             ... on level 2 of the Dungeon.
             The game lasted 00:02:40 (920 turns).

Graphine the Trooper (Hill Orc Fighter)              Turns: 920, Time: 00:02:40

Health: 0/41       AC: 10    Str: 20    XL:     4   Next: 2%
Magic:  4/4        EV:  9    Int:  8    God:
Gold:   85         SH:  5    Dex: 13    Spells: 3/3 levels left

rFire   . . .        a - +0 war axe
rCold   + + .        c - +0 buckler
rNeg    . . .        b - +0 scale mail
rPois   .            (no helmet)
rElec   .            (no cloak)
rCorr   .            (no gloves)
SInv    .            f - +2 pair of boots of Thoughtfulness {rC++ Dex+3}
Will    .....        (no amulet) Stlth
                     (no ring)
HPRegen 0.26/turn    (no ring)
MPRegen 0.09/turn

%: no passive effects
@: mighty, studying 2 skills
A: no striking features
a: no special abilities


You were on level 2 of the Dungeon.
You visited 1 branch of the dungeon, and saw 2 of its levels.

You collected 97 gold pieces.
You spent 12 gold pieces at shops.

Inventory:

Hand Weapons
 a - a +0 war axe (weapon)
Armour
 b - a +0 scale mail (worn)
 c - a +0 buckler (worn)
 f - the +2 pair of boots of Thoughtfulness (worn) {rC++ Dex+3}
   (You acquired it on level 1 of the Dungeon)

   Dex:       It affects your dexterity (+3).
   rC:        It greatly protects you from cold.
Scrolls
 i - a scroll of silence {unknown}
Potions
 e - a potion of brilliance
 g - a potion of degeneration
 h - a potion of resistance {unknown}


   Skills:
 * Level 4.5 Fighting
 * Level 4.0 Axes
 + Level 3.6 Armour
 + Level 0.7 Dodging
 + Level 3.6 Shields


You had 3 spell levels left.
You didn't know any spells.
Your spell library was empty.

Dungeon Overview and Level Annotations

Branches:
Dungeon (2/15)

Altars:

Shops:
D:1 !   D:2 *

Annotations:
D:2 Sigmund


Message History

Natasha casts a spell at you.
The magic dart hits you but does no damage.
You block the cerulean imp's attack.
The cerulean imp hits you from afar with a +2 spear.
Sigmund hits you from afar with a +0 scythe.
Natasha claws you but does no damage.
You slash Natasha!
Natasha is severely wounded.
The cerulean imp completely misses you. You block Natasha's attack.
Sigmund hits you but does no damage.
You slice Natasha!!
You kill Natasha!
Moaning pathetically, Natasha's spirit plunges into the ground.
The cerulean imp disappears in a puff of smoke!
You slash the worm!
Sigmund hits you from afar with a +0 scythe.
The worm barely misses you.
You barely miss Sigmund. You hit the worm.
You kill the worm!
Sigmund gestures at you while chanting. You resist with significant effort.
Sigmund hits you with a +0 scythe!
* * * LOW HITPOINT WARNING * * *
Your Axes skill increases to level 4!
You have reached level 4!
Okay, then.
You barely miss Sigmund.
Unknown command.
You barely miss Sigmund. You block Sigmund's attack.
You slash Sigmund!
Sigmund is moderately wounded.
Sigmund hits you with a +0 scythe.
* * * LOW HITPOINT WARNING * * *
You hit Sigmund.
Sigmund is heavily wounded.
Sigmund hits you but does no damage.
You closely miss Sigmund.
Sigmund is heavily wounded.
Sigmund's eyes start glowing with a red light.
Sigmund hits you with a +0 scythe!
You die...

###.##.
#...#####.##.#.
....... >....
#.##... .∩.....
#### .#.#####
..... .#
#.#.##### ....
#.####
#.#......
#####..##......
..#..####
....w......#
####..
.#######.@..#
........†@###
......>.#.##
.######....###
##.....######
##..#......#
#.######### #.#
### #.# #.##
#.# #..#


You could see Sigmund.

Vanquished Creatures
  Natasha (D:2)
  An adder (D:2)
  A worm (D:2)
  4 endoplasms (D:1)
  A giant cockroach (D:1)
  2 goblins
  2 hobgoblins
  A quokka (D:1)
  2 ball pythons (D:1)
  2 frilled lizards
  2 kobolds (D:1)
  3 rats
22 creatures vanquished.

Notes
Turn   | Place    | Note
-------+----------+-------------------------------------------
     0 | D:1      | Graphine the Hill Orc Fighter began the quest for the Orb.
     0 | D:1      | Reached XP level 1. HP: 19/19 MP: 1/1
   190 | D:1      | Found Amnuegro's Distillery.
   198 | D:1      | Bought a potion of degeneration for 12 gold pieces
   216 | D:1      | Reached XP level 2. HP: 27/27 MP: 2/2
   758 | D:1      | Identified 3 scrolls of acquirement
   758 | D:1      | Acquired the +2 pair of boots of Thoughtfulness {rC++
                  | Dex+3}
   759 | D:1      | Acquired a manual of Fighting
   760 | D:1      | Acquired a manual of Dodging
   784 | D:2      | Reached XP level 3. HP: 33/33 MP: 3/3
   790 | D:2      | Identified the +2 leather armour of Aryn {Rampage Str-4
                  | Stlth+}
   899 | D:2      | Noticed Sigmund
   900 | D:2      | Noticed Natasha
   903 | D:2      | Found Cuihead's General Store.
   913 | D:2      | Killed Natasha
   916 | D:2      | Reached XP level 4. HP: 9/41 MP: 4/4
   920 | D:2      | Slain by Sigmund

Illustrated notes

Levels and vault maps discovered:
D:1:      dpeg_arrival_rooms_a, layout_loops_ring, serial_shops, shop
D:2:      layout_rooms, serial_shops, shop, nicolae_shop_crystal, shop,
          nicolae_shop_hallway_plus, nicolae_book_shop_shelving,
          serial_co_window_serial, co_window_paths_b, co_window_corner_a,
          co_window_corner_a, co_window_paths_a, co_window_paths_a,
          co_window_of_opportunity_c, co_window_broadway_a,
          co_window_of_opportunity_c, co_window_corner_cb, co_window_2corner,
          co_window_corner_cb, glass_columns_a, glass_columns_a,
          glass_columns_c, glass_columns_c, uniq_natasha, uniq_sigmund

Skill      XL: |  1  2  3 |
---------------+----------+-----
Axes           | 3 4 |  4.0
Fighting       | 4 |  4.5
Armour         | |  3.6
Dodging        | |  0.7
Shields        | |  3.6

Action                     |  1- 3 |  4- 6 || total
---------------------------+-------+-------++-------
  Melee: War axe           |    52 |     5 ||    57
    Use: Scroll            |     5 |       ||     5
         Potion            |     1 |       ||     1
 Armour: Scale mail        |    27 |     1 ||    28
  Dodge: Dodged            |    26 |       ||    26
  Block: Buckler           |    14 |     1 ||    15
